 Dungeon Crawl Stone Soup version 0.27.1-2-g3b301248ec (webtiles) character file.

Game seed: 14773309796899416266

4904 AZSletch the Destroyer (level 10, -2/88 HPs)
             Began as a Yellow Draconian Conjurer on Oct 2, 2021.
             Was a Follower of Nemelex Xobeh.
             Slain by Joseph (9 damage)
             ... on level 9 of the Dungeon.
             The game lasted 00:45:02 (8490 turns).

AZSletch the Destroyer (Yellow Draconian Conjurer)  Turns: 8490, Time: 00:45:03

Health: -2/88      AC:  0    Str: 13    XL:     10   Next: 27%
Magic:  9/20       EV: 16    Int: 19    God:    Nemelex Xobeh [*.....]
Gold:   363        SH:  0    Dex:  9    Spells: 9/23 levels left

rFire    . . .     SeeInvis .   (weapon currently unavailable)
rCold    . . .     Faith    .   (shield currently unavailable)
rNeg     . . .     Spirit   .   (armour unavailable)
rPois    .         Reflect  .   (helmet currently unavailable)
rElec    .         Harm     .   (cloak currently unavailable)
rCorr    .         Rampage  .   (gloves currently unavailable)
Will     .....                  (boots currently unavailable)
Stlth    ++........             (no amulet)
HPRegen  0.24/turn              (ring currently unavailable)
MPRegen  0.17/turn              (ring currently unavailable)

@: mighty, pig-form, on berserk cooldown, slowed
A: fast, no casting, (spit acid), AC +7, small, unfitting armour,
(cold-blooded), (acid resistance)
a: Renounce Religion, Draw Escape, Draw Destruction, Draw Summoning


You were on level 9 of the Dungeon.
You worshipped Nemelex Xobeh.
Nemelex Xobeh was aware of your devotion.
You were a filthy swine.
You visited 1 branch of the dungeon, and saw 10 of its levels.

You collected 363 gold pieces.

Inventory:

Hand Weapons
 b - a +0 dagger of pain
 g - a +2 whip of electrocution
 k - a +2 falchion of electrocution (melded)
 q - a +0 vampiric short sword
Missiles
 j - 40 poisoned darts
Armour
 a - a +0 pair of gloves (melded)
 D - a +0 kite shield
Jewellery
 s - a +6 ring of dexterity (melded)
 C - a +6 ring of intelligence (melded)
 E - a ring of flight
Wands
 i - a wand of digging (11)
 w - a wand of acid (10)
 x - a wand of iceblast (6)
Scrolls
 d - 4 scrolls of identify
 l - 2 scrolls of magic mapping {unknown}
 o - a scroll of summoning {unknown}
 u - a scroll of acquirement {unknown}
 v - a scroll of fear {unknown}
 y - a scroll of enchant weapon {unknown}
 z - 3 scrolls of enchant armour {unknown}
 A - a scroll of amnesia {unknown}
 B - a scroll of noise {unknown}
Potions
 c - a potion of attraction {unknown}
 e - a potion of curing {unknown}
 f - a potion of heal wounds
 h - a potion of invisibility {unknown}
 m - a potion of haste {unknown}
 n - a potion of berserk rage
 p - 2 potions of might
 r - a potion of lignification {unknown}
 t - 3 potions of flight
Miscellaneous
 F - a phantom mirror


   Skills:
 + Level 7.9 Fighting
 + Level 7.0 Dodging
 - Level 1.7 Stealth
 + Level 7.0 Spellcasting
 + Level 8.3 Conjurations
 - Level 2.0 Hexes
 - Level 3.0 Translocations


You had 9 spell levels left.
You knew the following spells:

 Your Spells              Type           Power      Damage    Failure   Level
a - Magic Dart            Conj           100%       1d8       1%          1
b - Searing Ray           Conj           76%        3d6       1%          2
c - Dazzling Flash        Conj/Hex       52%        N/A       3%          3
d - Iskenderun's Mystic   Conj/Tloc      28%        2d7       10%         4
e - Fulminant Prism       Conj/Hex       13%        3d9       12%         4

Your spell library contained the following spells:

 Spells                   Type           Power      Damage    Failure   Level
 Foxfire                  Conj/Fire      88%        2x1d8     1%          1
 Conjure Flame            Conj/Fire      22%        6-21      5%          3
 Pain                     Necr           24%        1d5       10%         1
 Mephitic Cloud           Conj/Pois/Air  17%        N/A       10%         3
 Sublimation of Blood     Necr           3%         N/A       16%         2
 Sticky Flame             Conj/Fire      22%        2d4       19%         4
 Ignite Poison            Fire/Tmut/Pois 6%         N/A       30%         3
 Bolt of Magma            Conj/Fire/Erth 8%         4d6       65%         5
 Agony                    Necr           6%         N/A       95%         5
 Excruciating Wounds      Necr           3%         N/A       95%         5
 Ignition                 Fire           3%         3d4       100%        8


Dungeon Overview and Level Annotations

Branches:
Dungeon (10/15)            Temple (0/1) D:7            Lair (0/6) D:8
    Orc: D:9-12

Altars:
Nemelex Xobeh
Xom

Annotations:
D:9 Joseph
D:10 Urug


Innate Abilities, Weirdness & Mutations

You are a filthy swine.
You move quickly.
Your equipment is almost entirely melded.
You are incapable of wielding weapons or throwing items.
You cannot cast spells.
((You can spit globs of acid.))
((Your golden yellow scales are hard. (AC +7)))
You cannot fit into any form of body armour.
((You are cold-blooded and may be slowed by cold attacks.))
((You are resistant to acid. (rCorr)))


Message History

The sling bullet closely misses you.
It was a potion of might.
You feel very mighty all of a sudden.
You stop sporulating.
Your +2 falchion of electrocution unmelds from your body.
Your +0 pair of gloves unmelds from your body.
You hear the crackle of electricity.
Joseph zaps a wand.
You turn into a filthy swine.
Your +2 falchion of electrocution melds into your body.
Your +0 pair of gloves melds into your body.
Your +6 ring of dexterity melds into your body.
Your +6 ring of intelligence melds into your body.
Your +2 falchion of electrocution stops crackling.
You feel clumsy.
You feel stupid.
Joseph zaps a wand.
Joseph shoots a sling bullet.
The sling bullet hits you!!
There is a stone staircase leading down, spattered with blood here.
Joseph tries to grin evilly.
Joseph zaps a wand.
You easily resist.
You bite Joseph!
Joseph is lightly wounded.
Joseph unwields a +0 hunting sling.
Joseph wields a +0 vorpal quarterstaff.
Joseph hits you with a +0 vorpal quarterstaff!
You barely miss Joseph.
Joseph is lightly wounded.
Joseph hits you with a +0 vorpal quarterstaff!!
* * * LOW HITPOINT WARNING * * *
x2 You barely miss Joseph.
Joseph is lightly wounded.
Joseph zaps a wand.
The now-empty wand crumbles to dust.
You hit Joseph.
Joseph is moderately wounded.
Joseph hits you with a +0 vorpal quarterstaff.
* * * LOW HITPOINT WARNING * * *
x2 You hit Joseph.
Joseph is moderately wounded.
Joseph misses you.
Joseph says, "I'm here to kill trespassers.
I like my job."
Joseph hits you with a +0 vorpal quarterstaff!
You die...
Your body disappears without a glow.

#.# #.# .# # #.# # . #.
#.. .#. #.### #.# ...
...# #.######.#
###.###.#####.@h>....#
#.....#..............#
.#.....#.#.#.##.####..#
(..@.....†......# ..#
.#.....#)..#.#######..##
#.....#................
.###.###)..).....###..##
.........#.#.##..#
..#..#.#.#)#.#.#.#


You could see Joseph.

Vanquished Creatures
  A two-headed ogre (D:8)
  Grinder (D:6)
  A shadow (D:7)
  A wyvern (D:8)
  2 yaks
  Eustachio (D:3)
  2 steam dragons
  A water moccasin (D:7)
  2 ice beasts
  3 orc warriors
  2 black bears (D:6)
  3 centaurs
  2 necrophages
  2 ogres
  A phantom (D:2)
  A kobold brigand (D:6)
  3 bullfrogs
  A gnoll sergeant (D:8)
  A water moccasin zombie (D:6)
  A howler monkey (D:8)
  2 centaur zombies
  A gnoll shaman (D:4)
  8 orc priests
  4 centaur skeletons
  3 hounds
  3 jellies
  4 iguanas
  Ijyb (D:4)
  7 orc wizards
  A scorpion zombie (D:5)
  2 killer bee zombies (D:6)
  A hound zombie (D:5)
  A hound skeleton (D:4)
  A howler monkey zombie (D:8)
  15 gnolls
  4 adders
  An ufetubus (D:5)
  2 worms (D:3)
  A dart slug (D:2)
  33 orcs
  5 endoplasms
  5 giant cockroaches
  3 goblins
  7 hobgoblins
  2 jackals (D:1)
  3 quokkas
  9 ball pythons
  4 bats
  4 frilled lizards
  9 kobolds
178 creatures vanquished.

Vanquished Creatures (others)
  An orc wizard (D:7)
  A fulminant prism (D:8)
2 creatures vanquished.

Grand Total: 180 creatures vanquished

Notes
Turn   | Place    | Note
-------+----------+-------------------------------------------
     0 | D:1      | AZSletch the Draconian Conjurer began the quest for the
                  | Orb.
     0 | D:1      | Reached XP level 1. HP: 14/14 MP: 3/3
   428 | D:1      | Reached XP level 2. HP: 22/22 MP: 3/5
   432 | D:1      | Learned a level 2 spell: Searing Ray
   947 | D:2      | Reached skill level 1 in Fighting
   947 | D:2      | You fall into a shaft and drop 2 floors!
   955 | D:4      | Reached XP level 3. HP: 28/28 MP: 0/6
  1046 | D:4      | Noticed Ijyb
  1069 | D:4      | Killed Ijyb
  1070 | D:4      | Reached XP level 4. HP: 9/36 MP: 1/8
  1362 | D:2      | Learned a level 3 spell: Dazzling Flash
  1797 | D:3      | Noticed a phantom
  1819 | D:2      | Killed a phantom
  1820 | D:2      | Reached XP level 5. HP: 23/42 MP: 1/9
  2126 | D:3      | Reached skill level 1 in Hexes
  2841 | D:4      | Noticed Eustachio
  3222 | D:3      | Killed Eustachio
  3223 | D:3      | Reached skill level 5 in Conjurations
  3223 | D:3      | Reached XP level 6. HP: 25/51 MP: 1/11
  3606 | D:4      | Found a shimmering altar of Xom.
  4082 | D:5      | Entered Level 5 of the Dungeon
  4099 | D:5      | Your scales start taking on a golden yellow colour.
  4099 | D:5      | Reached XP level 7. HP: 55/57 MP: 5/12
  4099 | D:5      | Gained mutation: You are resistant to acid. (rCorr) [Yellow
                  | Draconian growth]
  4369 | D:5      | Reached skill level 1 in Translocations
  5066 | D:6      | Reached XP level 8. HP: 65/67 MP: 8/14
  5077 | D:6      | Found a sparkling altar of Nemelex Xobeh.
  5084 | D:6      | Became a worshipper of Nemelex Xobeh the Trickster
  5208 | D:6      | Reached skill level 6 in Conjurations
  5219 | D:6      | Learned a level 4 spell: Iskenderun's Mystic Blast
  5337 | D:6      | Reached skill level 5 in Fighting
  5582 | D:6      | Noticed Grinder
  5585 | D:6      | Paralysed by Grinder for 3 turns
  5590 | D:6      | Killed Grinder
  5591 | D:6      | Reached skill level 5 in Dodging
  5591 | D:6      | Reached skill level 5 in Spellcasting
  6203 | D:6      | Reached XP level 9. HP: 75/75 MP: 12/17
  6380 | D:7      | Reached skill level 7 in Conjurations
  6783 | D:7      | Found a staircase to the Ecumenical Temple.
  6940 | D:7      | Got the Papyrus of Twisted Ignition
  7497 | D:8      | Learned a level 4 spell: Fulminant Prism
  7541 | D:8      | Reached * piety under Nemelex Xobeh
  7617 | D:8      | Noticed a cyan ugly thing
  8085 | D:8      | Found a staircase to the Lair.
  8096 | D:8      | Noticed a two-headed ogre
  8104 | D:8      | Killed a two-headed ogre
  8105 | D:8      | Reached skill level 8 in Conjurations
  8105 | D:8      | Reached XP level 10. HP: 23/88 MP: 4/20
  8448 | D:9      | Noticed Joseph
  8460 | D:10     | Entered Level 10 of the Dungeon
  8460 | D:10     | Noticed Urug
  8490 | D:9      | Slain by Joseph

Illustrated notes

Levels and vault maps discovered:
D:1:      minmay_arrival_plants_in_alcoves, layout_loops_corners, hex_tiny
D:2:      layout_basic
D:3:      layout_basic, minmay_misc_feat_rugged
D:4:      layout_gridville, kennysheep_little_box, uniq_ijyb, uniq_eustachio
D:5:      layout_basic
D:6:      layout_loops_ring, nemelex_xobeh_ov_fountains_minmay, uniq_grinder
D:7:      layout_rooms, minmay_temple_entry_wispy
D:8:      minmay_the_grid_octo_tiled_squarecenter
          [minmay_the_grid_octo_concentric,
          minmay_the_grid_octo_tetromino_candy, minmay_the_grid_octo_clover_2,
          minmay_the_grid_octo_vomiting_pacman,
          minmay_the_grid_square_5x5_megaprize_hollow,
          minmay_the_grid_square_5x5_inner_i,
          minmay_the_grid_square_5x5_broken_cross,
          minmay_the_grid_square_5x5_bracketed,
          minmay_the_grid_square_5x5_inner_v], layout_cave_pools
D:9:      layout_loops_ring, mainiacjoe_overflow_catwalk, special_room
          [special_room_orc], st_stairs_3, uniq_joseph
D:10:     layout_loops_ring, minitemple, uniq_josephine, uniq_maggie, uniq_grum,
          uniq_urug, uniq_sonja

Skill      XL: |  1  2  3  4  5  6  7  8  9 10 |
---------------+-------------------------------+-----
Dodging        | 2 3 4 5 6 7 |  7.0
Fighting       | 1 2 3 4 5 7 |  7.9
Spellcasting   | 3 4 5 6 7 |  7.0
Hexes          | 1 2 |  2.0
Conjurations   | 5 6 8 |  8.3
Translocations | 2 3 |  3.0
Stealth        | |  1.7

Action                   |  1- 3 |  4- 6 |  7- 9 | 10-12 || total
-------------------------+-------+-------+-------+-------++-------
Melee: Dagger            |     3 |       |       |       ||     3
       Tailslap          |     3 |     4 |    10 |     2 ||    19
       Whip              |    23 |    31 |       |       ||    54
       Falchion          |       |    12 |    69 |     7 ||    88
       Unarmed           |       |       |       |     5 ||     5
 Cast: Magic Dart        |    34 |    69 |   115 |    18 ||   236
       Searing Ray       |       |    16 |    38 |     6 ||    60
       Iskenderun's Myst |       |       |     6 |       ||     6
       Fulminant Prism   |       |       |     1 |       ||     1
 Abil: Breathe Acid      |       |       |     1 |       ||     1
  Use: Scroll            |       |       |     3 |       ||     3
       Potion            |       |       |       |     3 ||     3
Armor: Skin              |    10 |    44 |    36 |     7 ||    97
Dodge: Dodged            |    15 |   104 |    84 |    20 ||   223
       Rpst.: Falchion   |       |     6 |    17 |     1 ||    24
